 Dungeon Crawl Stone Soup version 0.18.1-50-g88ac8fd (webtiles) character file.

346 Chiseanne the Covert (level 6, 0/30 HPs)
             Began as a Spriggan Assassin on Apr 3, 2017.
             Slain by a giant cockroach (1 damage)
             ... on level 3 of the Dungeon.
             The game lasted 00:08:22 (4414 turns).

Chiseanne the Covert (Spriggan Assassin)            Turns: 4414, Time: 00:08:23

Health: 0/30       AC:  3    Str:  7    XL:     6   Next: 32%
Magic:  7/7        EV: 17    Int: 12    God:
Gold:   151        SH:  0    Dex: 20    Spells: 0 memorised, 5 levels left

rFire  . . .     SeeInvis +     a - +4 rapier
rCold  . . .     Gourm    .     e - +0 robe {MR+}
rNeg   . . .     Faith    .     (shield restricted)
rPois  .         Spirit   .     (helmet restricted)
rElec  .         Dismiss  .     d - +0 cloak
rCorr  .         Reflect  .     (gloves unavailable)
SustAt .         Harm     .     (boots unavailable)
MR     ++...                    (no amulet)
Stlth  ++++++....               (no ring)
                                (no ring)

@: very quick, very resistant to hostile enchantments, very stealthy
A: unfitting armour, see invisible, herbivore 3, speed 3, slow metabolism 2
a: no special abilities


You were on level 3 of the Dungeon.
You were not hungry.

You visited 1 branch of the dungeon, and saw 4 of its levels.

You collected 151 gold pieces.

Inventory:

Hand Weapons
 a - a +4 rapier (weapon)
 w - a +0 blowgun
Missiles
 f - a curare-tipped needle
 h - 168 stones (quivered)
 i - 89 arrows
 l - 31 sling bullets
 q - 6 poisoned needles
Armour
 d - a +0 cloak (worn)
 e - a +0 robe of magic resistance (worn)
Jewellery
 c - an uncursed ring of ice {unknown}
 o - a +3 amulet of reflection {unknown}
 r - a +3 ring of dexterity {unknown}
 u - an uncursed amulet of dismissal {unknown}
Potions
 b - a potion of invisibility {unknown}
 j - 2 potions of haste {unknown}
 k - a potion of flight {unknown}
 m - 2 potions of cancellation {unknown}
 n - a potion of berserk rage {unknown}
 p - 4 potions of degeneration {unknown}
 x - 3 potions of curing {unknown}
Comestibles
 g - 3 bread rations
 s - a slice of pizza


   Skills:
 - Level 1.5 Fighting
 - Level 2.1 Short Blades
 - Level 2.0 Throwing
 - Level 1.5 Dodging
 * Level 11.5 Stealth


You had 5 spell levels left.
You didn't know any spells.

Dungeon Overview and Level Annotations

Branches:
Dungeon (4/15)
 Temple: D:4-7

Altars:
The Shining One


Innate Abilities, Weirdness & Mutations

You are tiny and cannot use many weapons and most armour.
You have supernaturally acute eyesight.
You are a herbivore.
You cover ground extremely quickly.
You need consume almost no food.


Message History

The giant cockroach bites you but does no damage.
You climb upwards.
There is a stone staircase leading down here.
You aren't carrying any spellbooks or scrolls.
Unknown command.
You hit the giant cockroach.
The giant cockroach is moderately wounded.
The giant cockroach misses you. The iguana barely misses you.
You hit the giant cockroach.
The giant cockroach is almost dead.
The giant cockroach completely misses you.
The iguana bites you!
* * * LOW HITPOINT WARNING * * *
You closely miss the giant cockroach.
The giant cockroach is almost dead.
The giant cockroach completely misses you.
The iguana bites you.
* * * LOW HITPOINT WARNING * * *
The giant cockroach bites you.
You die...

#.# #.# #.# #.# #.# #.# #.# #.#
#.# #.# #.# #.# ###########.# #.#
#.<....>....# #l# #.###########
#@######## ### #.# #.s......#
##.# ..#####################.###
##.#.
..........................###.###
#############..###......#....## #
#############......##########.###
.....[.).......###.# ##.#.
############.#.###.# ##.# #
#....##.# ##..#


You could see an iguana and a giant cockroach.

Vanquished Creatures
  An orc priest (D:3)
  3 orc wizards
  3 worker ants (D:4)
  Robin (D:2)
  3 gnolls (D:3)
  3 adders
  2 oozes
  3 worms
  3 dart slugs
  5 giant geckos
  6 orcs (D:3)
  3 giant cockroaches
  15 goblins
  6 hobgoblins
  2 ball pythons
  5 bats
  3 giant newts
  7 kobolds
  3 rats
77 creatures vanquished.

Notes
Turn   | Place    | Note
--------------------------------------------------------------
     0 | D:1      | Chiseanne the Spriggan Assassin began the quest for the Orb.
     0 | D:1      | Reached XP level 1. HP: 10/10 MP: 2/2
    23 | D:1      | Reached skill level 6 in Stealth
   480 | D:1      | Reached XP level 2. HP: 14/14 MP: 3/3
   582 | D:1      | Reached skill level 7 in Stealth
  1269 | D:1      | Reached XP level 3. HP: 18/18 MP: 4/4
  1594 | D:2      | Reached skill level 8 in Stealth
  1732 | D:2      | Noticed Robin
  2128 | D:2      | Killed Robin
  2128 | D:2      | Reached XP level 4. HP: 22/22 MP: 5/5
  2771 | D:2      | Reached skill level 9 in Stealth
  3270 | D:4      | Reached XP level 5. HP: 25/25 MP: 6/6
  3288 | D:3      | Reached skill level 10 in Stealth
  3618 | D:3      | Found a glowing golden altar of the Shining One.
  4053 | D:3      | Reached skill level 11 in Stealth
  4053 | D:3      | Reached XP level 6. HP: 30/30 MP: 7/7
  4414 | D:3      | HP: 1/30 [iguana (1)]
  4414 | D:3      | Slain by a giant cockroach

Skill      XL: |  1  2  3  4  5 |
---------------+----------------+-----
Stealth        | 6 7 8 9 11 | 11.5
Fighting       | |  1.5
Short Blades   | |  2.1
Throwing       | |  2.0
Dodging        | |  1.5

Action                   |  1- 3 |  4- 6 || total
-------------------------+-------+-------++-------
Melee: Dagger            |    86 |    24 ||   110
       Rapier            |       |   110 ||   110
 Fire: Blowgun           |    26 |    14 ||    40
Throw: Stone             |     1 |       ||     1
  Use: Scroll            |       |     4 ||     4
       Potion            |       |     1 ||     1
 Stab: Sleeping          |     8 |    12 ||    20
       Distracted        |       |     1 ||     1
  Eat: Pizza             |       |     1 ||     1
Armor: Robe              |    13 |    10 ||    23
Dodge: Dodged            |    54 |    78 ||   132
